 Dungeon Crawl Stone Soup version 0.20.0-15-g7f486f2 (console) character file.

166 removed the Slasher (level 5, 0/31 HPs)
             Began as a Deep Elf Fighter on June 11, 2017.
             Succumbed to an adder's poison
             ... on level 3 of the Dungeon.
             The game lasted 00:02:49 (2616 turns).

removed the Slasher (Deep Elf Fighter)              Turns: 2616, Time: 00:02:49

Health: 0/31       AC:  6    Str: 13    XL:     5   Next: 22%
Magic:  7/7        EV:  6    Int: 13    God:
Gold:   127        SH:  8    Dex: 15    Spells: 4/4 levels left

rFire    . . .     SeeInvis .   a - +0 long sword
rCold    + . .     Gourm    .   c - +0 shield
rNeg     . . .     Faith    .   b - +0 scale mail
rPois    .         Spirit   .   (no helmet)
rElec    .         Reflect  .   (no cloak)
rCorr    .         Harm     .   (no gloves)
MR       .....                  (no boots)
Stlth    ..........             (no amulet)
Regen    0.1/turn               x - ring of protection from cold
MPRegen  0.1/turn               (no ring)

@: lethally poisoned (0 -> -15), hasted, very quick
A: no striking features
a: no special abilities


You were on level 3 of the Dungeon.
You were not hungry.

You visited 1 branch of the dungeon, and saw 3 of its levels.

You collected 127 gold pieces.

Inventory:

Hand Weapons
 a - a +0 long sword (weapon)
Armour
 b - a +0 scale mail (worn)
 c - a +0 shield (worn)
Jewellery
 n - an uncursed ring of fire
 x - a ring of protection from cold (left hand)
Scrolls
 h - 2 scrolls of recharging {unknown}
 i - 6 scrolls of identify {unknown}
 k - 2 scrolls of teleportation {unknown}
 p - 2 scrolls of fear {unknown}
 w - a scroll of fog {unknown}
Potions
 d - 2 potions of might
 j - 3 potions of haste
 l - a potion of cancellation {unknown}
 q - a potion of magic {unknown}
 r - a potion of flight {unknown}
 u - a potion of brilliance {unknown}
Comestibles
 f - 2 bread rations
 o - 3 meat rations
 s - 2 fruits


   Skills:
 - Level 2.4 Fighting
 + Level 5.0 Long Blades
 - Level 2.4 Armour
 - Level 2.4 Shields


You had 4 spell levels left.
You didn't know any spells.

Dungeon Overview and Level Annotations

Branches:
Dungeon (3/15)

Altars:
Fedhas
Uskayaw


Message History

You feel sick.
The adder bites you but does no damage. x2
You hit the adder but do no damage.
The adder is almost dead.
* * * LOW HITPOINT WARNING * * *
You feel sick. You block the adder's attack. The adder bites you.
* * * LOW HITPOINT WARNING * * *
You are more poisoned.
The adder poisons you!
It was a potion of haste.
You feel yourself speed up.
* * * LOW HITPOINT WARNING * * *
You feel sick. The adder bites you but does no damage.
All of the chunks of flesh in your inventory have rotted away.
You closely miss the adder.
The adder is almost dead.
* * * LOW HITPOINT WARNING * * *
You feel sick. You block the adder's attack.
You slash the adder!
You kill the adder!
Your Long Blades skill increases to level 5!
You die...

######### #........ ### #........
# ..# #######........ # #####.#
#>....'.?...... # ....#.#
#.##.##@....... #
###.#.####.##..#........ #
...........###.##################
..#.#.####......................'
..+.#.# #.#.......#######'###.##
..###.# #.#................##.##
..###'####.#..).............##+##
.†.........#................#....
##.†.......#................#....


There were no monsters in sight!

Vanquished Creatures
  Jessica (D:3)
  4 adders (D:3)
  4 oozes
  2 dart slugs
  3 leopard geckos
  6 orcs (D:3)
  A giant cockroach (D:1)
  5 hobgoblins
  4 jackals (D:1)
  4 quokkas
  3 ball pythons
  7 bats
  4 frilled lizards
  10 goblins
  12 kobolds
  4 rats
74 creatures vanquished.

Notes
Turn   | Place    | Note
-------+----------+-------------------------------------------
     0 | D:1      | removed the Deep Elf Fighter began the quest for the Orb.
     0 | D:1      | Reached XP level 1. HP: 13/13 MP: 3/3
    91 | D:1      | Reached skill level 2 in Long Blades
   127 | D:1      | Reached XP level 2. HP: 12/18 MP: 4/4
   353 | D:1      | Reached skill level 3 in Long Blades
   429 | D:1      | Reached XP level 3. HP: 20/22 MP: 5/5
  1078 | D:2      | Found a hide-covered altar of Uskayaw.
  1268 | D:2      | Found a blossoming altar of Fedhas.
  1680 | D:3      | Reached XP level 4. HP: 24/27 MP: 6/6
  1688 | D:3      | Reached skill level 4 in Long Blades
  2352 | D:3      | Noticed Jessica
  2363 | D:3      | Killed Jessica
  2363 | D:3      | Reached XP level 5. HP: 20/31 MP: 7/7
  2615 | D:3      | HP: 1/31 [poisoned by an adder]
  2616 | D:3      | Reached skill level 5 in Long Blades
  2616 | D:3      | Succumbed to an adder's poison

Skill      XL: |  1  2  3  4  5 |
---------------+----------------+-----
Long Blades    | 2 3 4 5 |  5.0
Fighting       | |  2.4
Armour         | |  2.4
Shields        | |  2.4

Action                   |  1- 3 |  4- 6 || total
-------------------------+-------+-------++-------
Melee: Long sword        |   116 |   121 ||   237
  Use: Potion            |       |     1 ||     1
  Eat: Chunk             |     1 |     5 ||     6
Armor: Scale mail        |    50 |    43 ||    93
Dodge: Dodged            |    28 |    28 ||    56
Block: Shield            |    56 |    52 ||   108
       Rpst.: Long sword |     9 |     8 ||    17
